 Dungeon Crawl Stone Soup version 0.28.0 (webtiles) character file.

Game seed: 15488865269819187097

83 mopl the Vexing (level 4, -1/33 HPs)
             Began as a Draconian Enchanter on Feb 14, 2022.
             Slain by a scorpion (6 damage)
             ... on level 3 of the Dungeon.
             The game lasted 00:02:29 (2062 turns).

mopl the Vexing (Draconian Enchanter)               Turns: 2062, Time: 00:02:29

Health: -1/33      AC:  6    Str: 10    XL:     4   Next: 22%
Magic:  2/8        EV: 12    Int: 17    God:
Gold:   119        SH:  0    Dex: 12    Spells: 0/8 levels left

rFire   . . .      SeeInvis .   a - +1 dagger
rCold   . . .      Faith    .   (no shield)
rNeg    . . .      Spirit   .   (armour unavailable)
rPois   +          Reflect  .   (helmet restricted)
rElec   .          Harm     .   k - +0 cloak
rCorr   .          Rampage  .   (no gloves)
Will    .....                   (no boots)
Stlth   ++........              (no amulet)
HPRegen 0.11/turn               h - ring of poison resistance
MPRegen 0.11/turn               (no ring)

@: lethally poisoned (-1 -> -6), flying
A: AC +5, unfitting armour, cold-blooded
a: no special abilities


You were on level 3 of the Dungeon.
You visited 1 branch of the dungeon, and saw 3 of its levels.

You collected 119 gold pieces.

Inventory:

Hand Weapons
 a - a +1 dagger (weapon)
Missiles
 l - 4 boomerangs (quivered)
Armour
 k - a +0 cloak (worn)
Jewellery
 h - a ring of poison resistance (left hand)
Scrolls
 c - 2 scrolls of teleportation {unknown}
 d - a scroll of noise {unknown}
 e - 2 scrolls of magic mapping {unknown}
 g - a scroll of fog {unknown}
 i - a scroll of immolation {unknown}
 m - a scroll of amnesia {unknown}
Potions
 b - a potion of invisibility
 j - a potion of mutation {unknown}
 n - a potion of attraction {unknown}
 o - a potion of brilliance {unknown}


   Skills:
 + Level 1.7 Short Blades
 - Level 1.7 Dodging
 * Level 3.3 Stealth
 * Level 2.7 Spellcasting
 * Level 3.3 Hexes
 + Level 0.6 Ice Magic


You couldn't memorise any spells.
You knew the following spells:

 Your Spells              Type           Power      Damage    Failure   Level
b - Ensorcelled Hibernat  Hex/Ice        18%        N/A       12%         2
c - Confusing Touch       Hex            13%        N/A       14%         3
d - Tukima's Dance        Hex            13%        N/A       14%         3

Your spell library contained the following spells:

 Spells                   Type           Power      Damage    Failure   Level
 Dazzling Flash           Conj/Hex       16%        N/A       26%         3


Dungeon Overview and Level Annotations

Branches:
Dungeon (3/15)

Altars:


Innate Abilities, Weirdness & Mutations

Your plain brown scales are hard. (AC +5)
You cannot fit into any form of body armour.
You are cold-blooded and may be slowed by cold attacks.


Message History

Press: ? - help, Shift-Dir - straight line, f/p - scorpion
Aim: a scorpion (chance to affect: 43%)
The scorpion resists with some effort.
You feel sick. The scorpion barely misses you.
You feel sick.
You feel sick.
You feel sick.
You feel sick. The scorpion stings you.
You feel sick.
You feel sick.
You are no longer poisoned.
The scorpion stings you but does no damage.
Your magical contamination has completely faded away.
The scorpion stings you but does no damage.
You enter the shallow water.
Moving in this stuff is going to be slow.
The scorpion barely misses you.
The scorpion stings you but does no damage.
The scorpion stings you.
Casting: Ensorcelled Hibernation (safe; 12% risk of failure)
Confirm with . or Enter, or press ? or * to list all spells.
Aiming: Ensorcelled Hibernation (safe; 12% risk of failure)
Press: ? - help, Shift-Dir - straight line, f/p - scorpion
Aim: a scorpion (chance to affect: 43%)
The scorpion resists with some effort.
The scorpion stings you.
You are lethally poisoned!
The scorpion poisons you!
You enter the shallow water.
Moving in this stuff is going to be slow.
* * * LOW HITPOINT WARNING * * *
You feel very sick. The scorpion misses you.
* * * LOW HITPOINT WARNING * * *
You feel sick.
It was a potion of flight.
You feel very buoyant.
You fly up into the air.
* * * LOW HITPOINT WARNING * * *
You feel sick. The scorpion stings you.
You die...

♣ ♣.≈♣♣♣♣♣♣#.#
.♣♣≈♣♣≈≈≈P≈.♣P#.#
..≈≈≈≈≈≈≈≈≈≈≈...#
.PP♣≈P≈≈≈♣P≈♣♣..# .
♣♣♣♣≈♣♣♣♣♣♣#.# .. ♣≈≈♣♣
#.# .
♣≈.≈♣♣####.######## #.
♣♣s≈♣....#.........
..#.#♣♣@♣♣....#.........
.......'......#.........
..#.#.##......#.........
#.##......#.........
#...).....#.........
#<........#.####....
#.........#.# #....
#.........#. #....
+......#+##. #....


You could see a scorpion.

Vanquished Creatures
  2 adders (D:2)
  2 worms (D:2)
  6 dart slugs
  3 ball pythons
  2 bats (D:1)
  3 endoplasms
  4 giant cockroaches
  3 goblins
  4 hobgoblins
  3 jackals (D:1)
  3 kobolds
  A quokka (D:2)
  3 frilled lizards
  5 rats
44 creatures vanquished.

Notes
Turn   | Place    | Note
-------+----------+-------------------------------------------
     0 | D:1      | mopl the Draconian Enchanter began the quest for the Orb.
     0 | D:1      | Reached XP level 1. HP: 14/14 MP: 3/3
   178 | D:1      | Reached XP level 2. HP: 14/20 MP: 5/5
   181 | D:1      | Learned a level 2 spell: Ensorcelled Hibernation
   418 | D:1      | Reached skill level 3 in Stealth
   744 | D:1      | Reached skill level 3 in Hexes
  1143 | D:2      | Reached XP level 3. HP: 24/26 MP: 6/6
  1160 | D:2      | Learned a level 3 spell: Confusing Touch
  1698 | D:2      | Reached XP level 4. HP: 32/33 MP: 2/7
  1702 | D:2      | Learned a level 3 spell: Tukima's Dance
  2017 | D:3      | Noticed a scorpion
  2062 | D:3      | Slain by a scorpion

Illustrated notes

Levels and vault maps discovered:
D:1:      lightli_arrival_windingriver, layout_loops_corners
D:2:      layout_basic, palyth_stone_intersect
D:3:      layout_basic, shapermc_ecumenical_altar_starsandcircs, st_stairs_8,
          serial_bayou_crossing

Skill      XL: |  1  2 |
---------------+-------+-----
Stealth        | 3 |  3.3
Hexes          | 3 |  3.3
Short Blades   | |  1.7
Dodging        | |  1.7
Spellcasting   | |  2.7
Ice Magic      | |  0.6

Action                   |  1- 3 |  4- 6 || total
-------------------------+-------+-------++-------
Melee: Dagger            |   131 |    29 ||   160
       Tailslap          |    13 |     8 ||    21
       Punch             |     1 |     1 ||     2
 Cast: Ensorcelled Hiber |     7 |     3 ||    10
  Use: Potion            |       |     1 ||     1
 Stab: Sleeping          |    10 |     1 ||    11
Armor: Skin              |    36 |    10 ||    46
Dodge: Dodged            |    66 |    21 ||    87
